 Dungeon Crawl Stone Soup version 0.29.0 (webtiles) character file.

Game seed: 17352360673619489366

380 jagoly the Insei (level 6, -2/41 HPs)
             Began as an Octopode Transmuter on Sept 11, 2022.
             Was a Follower of Elyvilon.
             Slain by a black bear (5 damage)
             ... on level 5 of the Dungeon.
             The game lasted 00:15:50 (4458 turns).

jagoly the Insei (Octopode Transmuter)              Turns: 4458, Time: 00:15:50

Health: -2/41      AC:  2    Str:  9    XL:     6   Next: 75%
Magic:  5/10       EV: 20    Int: 17    God:    Elyvilon [*.....]
Gold:   186        SH:  0    Dex: 18    Spells: 4/10 levels left

rFire   . . .      SeeInvis .     - Unarmed
rCold   . . .      Faith    .   (shield currently unavailable)
rNeg    . . .      Spirit   .   (helmet currently unavailable)
rPois   x          Reflect  .   (no amulet)
rElec   .          Harm     .   (no ring)
rCorr   .          Rampage  .   (no ring)
Will    .....                   (no ring)
Stlth   ++........              (no ring)
HPRegen 0.13/turn               (no ring)
MPRegen 0.12/turn               (no ring)
                                (no ring)
                                (no ring)

@: mighty, spider-form, wereblooded, invisible
A: venomous fangs, almost no armour, (amphibious), 8 rings, tiny, (camouflage
1), (gelatinous body 1), (nimble swimmer 1), (tentacles)
a: End Transformation, Renounce Religion, Purification


You were on level 5 of the Dungeon.
You worshipped Elyvilon.
Elyvilon was aware of your devotion.
You were a venomous arachnid creature.
You visited 2 branches of the dungeon, and saw 6 of its levels.

You collected 186 gold pieces.

Inventory:

Hand Weapons
 w - a +3 spear
Missiles
 c - 35 stones
 n - 7 poisoned darts
 q - 4 boomerangs
Jewellery
 f - a ring of fire
Wands
 h - a wand of polymorph (9)
 r - a wand of paralysis (6)
Scrolls
 b - a scroll of identify
 i - 4 scrolls of fear
 j - a scroll of summoning {unknown}
 k - 2 scrolls of teleportation
 l - a scroll of magic mapping {unknown}
 x - a scroll of brand weapon {unknown}
Potions
 a - 2 potions of lignification
 d - a potion of berserk rage {unknown}
 e - 3 potions of might
 g - a potion of heal wounds {unknown}
 m - a potion of flight {unknown}
 o - 2 potions of ambrosia
 p - a potion of invisibility
 s - a potion of curing {unknown}
 t - a potion of brilliance {unknown}
 v - 2 potions of magic


   Skills:
 + Level 2.4 Fighting
 + Level 3.1 Dodging
 + Level 2.7 Stealth
 + Level 3.7 Unarmed Combat
 + Level 2.9 Spellcasting
 + Level 3.0 Transmutations
 * Level 2.2 Ice Magic
 - Level 2.0 Poison Magic


You had 4 spell levels left.
You knew the following spells:

 Your Spells              Type           Power      Damage    Failure   Level
A - Beastly Appendage     Tmut           24%        N/A       14%         1
P - Spider Form           Tmut/Pois      11%        N/A       38%         3
W - Wereblood             Tmut           12%        N/A       21%         2

Your spell library contained the following spells:

 Spells                   Type           Power      Damage    Failure   Level
 Necrotise                Necr           8%         1d4       38%         1
 Vampiric Draining        Necr           2%         2d6       69%         3
 Ice Form                 Ice/Tmut       11%        N/A       73%         4
 Agony                    Necr           2%         N/A       100%        5


Dungeon Overview and Level Annotations

Branches:
Dungeon (5/15) Zot: 25712  Temple (1/1) D:4 Zot: 5841

Altars:
Ashenzari
Cheibriados
Dithmenos
Elyvilon
Fedhas
Kikubaaqudgha
Qazlal
Ru
Sif Muna
Vehumet
Wu Jian
Yredelemnul
Zin
The Shining One


Innate Abilities, Weirdness & Mutations

You are a venomous arachnid creature.
You have poisonous fangs.
You are tiny and dextrous.
Your spellcasting is less reliable in this form.
Your armour is entirely melded.
You are incapable of wielding weapons or throwing items.
You cannot wear most types of armour.
((You are amphibious.))
You can wear up to eight rings at the same time.
((Your skin changes colour to match your surroundings (Stealth+).))
((Your rubbery body absorbs attacks. (AC +1, EV +1)))
((You are camouflaged when in or above water. (Stealth+)))
((You have tentacles for arms and can constrict up to eight enemies at once.))


Message History

A gnoll comes into view. It is wielding a +0 spear. x2
The gnoll shouts!
Your tentacle spike disappears.
You howl as the wereblood boils in your veins!
Your primal bloodlust is almost over.
Okay, then.
Cast which spell? (? or * to list)
Your blood is freshly infused with primal strength!
Cast which spell? (? or * to list)
Okay, then.
Cast which spell? (? or * to list)
The spell is quite dangerous to miscast (19% risk of failure)!
Continue anyway?
You turn into a venomous arachnid creature.
You feel very mighty all of a sudden.
You barely miss the black bear. The black bear closely misses you.
The black bear claws you. x2
The gnoll hits you from afar with a +0 halberd!
* * * LOW HITPOINT WARNING * * *
Unknown command.
You barely miss the black bear.
You hear the slow rusting of a distant drain.
You hear the slow hiss of a distant avalanche of sand.
The black bear barely misses you. The black bear misses you.
The black bear claws you.
* * * LOW HITPOINT WARNING * * *
The gnoll hits you from afar with a +0 halberd.
* * * LOW HITPOINT WARNING * * *
You hit the black bear.
The black bear is lightly wounded.
The black bear barely misses you. The black bear claws you.
* * * LOW HITPOINT WARNING * * *
The black bear claws you.
* * * LOW HITPOINT WARNING * * *
The gnoll hits you from afar with a +0 halberd.
* * * LOW HITPOINT WARNING * * *
Okay, then.
Okay, then.
You fade into invisibility!
The black bear misses you. The black bear claws you.
You die...

...#.........####...##.#.#.#.#..#
#..#................##..........#
##.#...............###.#.#.#.#..#
##.................###...........
#.............###...###....#####.
...............# #.........#
...............# ##.....##.....
...............####g............
................shgg###.....#...
#####......##.#####.# #####....#
########.## ### ###.# ..# ###


You could see a black bear (unable to see you) and 3 gnolls.

Vanquished Creatures
  A scorpion (D:4)
  A jelly (D:4)
  2 hounds
  An orc priest (D:4)
  Jessica (D:3)
  An iguana (D:4)
  5 adders
  A worm (D:2)
  A dart slug (D:3)
  5 orcs (D:4)
  9 ball pythons
  4 bats
  8 endoplasms
  2 giant cockroaches
  6 goblins
  8 hobgoblins
  14 jackals
  5 quokkas
  4 frilled lizards
  6 kobolds
  6 rats
  A spectral orc (D:3)
92 creatures vanquished.

Notes
Turn   | Place    | Note
-------+----------+-------------------------------------------
     0 | D:1      | jagoly the Octopode Transmuter began the quest for the Orb.
     0 | D:1      | Reached XP level 1. HP: 13/13 MP: 3/3
   342 | D:1      | Reached XP level 2. HP: 18/18 MP: 3/5
   371 | D:1      | Learned a level 2 spell: Wereblood
   429 | D:1      | Found a faded altar of an unknown god.
   443 | D:1      | Reached skill level 1 in Poison Magic
   772 | D:2      | Reached skill level 1 in Stealth
   819 | D:2      | Reached XP level 3. HP: 14/23 MP: 2/6
  1507 | D:2      | Learned a level 3 spell: Spider Form
  1908 | D:3      | Reached XP level 4. HP: 26/28 MP: 4/7
  2170 | D:3      | Noticed Jessica
  2175 | D:3      | Killed Jessica
  2240 | D:3      | Found a basalt altar of Yredelemnul.
  2317 | D:3      | Reached XP level 5. HP: 26/34 MP: 4/8
  2677 | D:3      | Found a snail-covered altar of Cheibriados.
  2677 | D:3      | Found a blossoming altar of Fedhas.
  3050 | D:4      | Found a white marble altar of Elyvilon.
  3061 | D:4      | Became a worshipper of Elyvilon the Healer
  3106 | D:4      | Reached skill level 1 in Ice Magic
  3257 | D:4      | Reached XP level 6. HP: 39/39 MP: 4/10
  3382 | D:4      | Found a staircase to the Ecumenical Temple.
  3398 | Temple   | Entered the Ecumenical Temple
  3607 | D:4      | Found a broken altar of Ashenzari.
  3665 | D:4      | Found a radiant altar of Vehumet.
  4173 | D:4      | Reached * piety under Elyvilon
  4304 | D:5      | Entered Level 5 of the Dungeon
  4440 | D:5      | Noticed a black bear
  4458 | D:5      | Slain by a black bear

Illustrated notes

Levels and vault maps discovered:
D:1:      spicycebolla_green_bress_n_ham_2, layout_basic,
          shapermc_ecumenical_altar_pompeii, chequers_hall_statues_y
D:2:      layout_basic, minmay_misc_feat_square, minmay_box_of_dots
D:3:      layout_basic, yredelemnul_forgotten_temple_becter,
          gammafunk_temple_overflow_elements, uniq_jessica
D:4:      layout_basic, nicolae_ashenzari_panopticon, elyvilon_altar_1,
          lemuel_tele_altar, minmay_temple_entry_nine_rooms, grunt_ministairs_1,
          minmay_vboxes
D:5:      layout_layer_cave, kennysheep_little_box, serial_glass,
          glass_columns_c, glass_columns_a, gup_sewer_entry_glass,
          nicolae_ossuary_entry_false_entrances, minmay_misc_feat_roman
Temple:   hellmonk_temple_forest_ring

Skill      XL: |  1  2  3  4  5  6 |
---------------+-------------------+-----
Poison Magic   | 1 2 |  2.0
Stealth        | 1 2 |  2.7
Ice Magic      | 1 2 |  2.2
Fighting       | 2 |  2.4
Dodging        | 3 |  3.1
Transmutations | 3 |  3.0
Unarmed Combat | |  3.7
Spellcasting   | |  2.9

Action                   |  1- 3 |  4- 6 || total
-------------------------+-------+-------++-------
Melee: Unarmed           |    71 |   127 ||   198
       Constrict         |    16 |    20 ||    36
       Kick              |    23 |    32 ||    55
       Tentacles         |    11 |    19 ||    30
       Punch             |     4 |     5 ||     9
 Cast: Beastly Appendage |    22 |    19 ||    41
       Wereblood         |     7 |    11 ||    18
       Spider Form       |       |     5 ||     5
  Use: Scroll            |       |     6 ||     6
       Potion            |       |     2 ||     2
 Stab: Sleeping          |     8 |     4 ||    12
Armor: Skin              |     3 |     5 ||     8
Dodge: Dodged            |    26 |    94 ||   120
